 Dungeon Crawl Stone Soup version 0.22.1-6-g1668fe2c40 (webtiles) character file.

9076 Gargoyl the Cleaver (level 11, -10/91 HPs)
             Began as a Centaur Abyssal Knight on Jan 27, 2019.
             Was an Elder of Lugonu.
             Mangled by a two-headed ogre
             ... wielding a cursed -3 giant club
              (14 damage)
             ... on level 11 of the Dungeon.
             The game lasted 00:19:56 (12633 turns).

Gargoyl the Cleaver (Centaur Abyssal Knight)       Turns: 12633, Time: 00:19:56

Health: -10/91     AC: 14    Str: 17    XL:     11   Next: 18%
Magic:  15/15      EV: 10    Int: 11    God:    Lugonu [****..]
Gold:   354        SH:  4    Dex: 10    Spells: 10/10 levels left

rFire    . . .     SeeInvis +   q - +2 hand axe (flame)
rCold    . . .     Gourm    .   k - +0 buckler
rNeg     . . .     Faith    .   x - +5 ring mail
rPois    .         Spirit   .   y - +0 helmet
rElec    .         Reflect  .   F - scarf {repulsion}
rCorr    .         Harm     .   h - +0 pair of gloves
MR       .....                  (no barding)
Stlth    ..........             b - amulet of regeneration
HPRegen  0.65/turn              f - ring of see invisible
MPRegen  0.14/turn              (no ring)

@: repel missiles, very quick
A: large, hooves 3, deformed body, speed 2, low mp 1, sense surroundings 1,
tough skin 3
a: Depart the Abyss, Bend Space, Banish, Corrupt, Renounce Religion


You were on level 11 of the Dungeon.
You worshipped Lugonu.
Lugonu was greatly pleased with you.
You were not hungry.

You visited 1 branch of the dungeon, and saw 11 of its levels.
You visited the Abyss 1 time.
You also visited: Bailey.

You collected 558 gold pieces.
You spent 204 gold pieces at shops.

Inventory:

Hand Weapons
 a - a +1 hand axe
 q - a +2 hand axe of flaming (weapon)
Missiles
 n - 23 tomahawks of returning
 v - 6 tomahawks (quivered)
Armour
 h - a +0 pair of gloves (worn)
 k - a +0 buckler (worn)
 x - a +5 ring mail (worn)
 y - a +0 helmet (worn)
 F - a scarf of repulsion (worn)
Jewellery
 b - an amulet of regeneration (around neck)
 f - a ring of see invisible (left hand)
Wands
 g - a wand of random effects (35)
 l - a wand of flame (24)
 r - a wand of paralysis (29)
 w - a wand of disintegration (18)
 A - a wand of polymorph (39)
Scrolls
 e - a scroll of identify
 m - 3 scrolls of remove curse
 s - 2 scrolls of fog
 u - 7 scrolls of teleportation
Potions
 d - a potion of haste
 i - 2 potions of mutation
 j - a potion of cancellation {unknown}
 o - a potion of agility
 p - 3 potions of curing
 t - 2 potions of lignification
 z - 3 potions of heal wounds
 B - 3 potions of flight
 C - a potion of brilliance
 D - 2 potions of might {unknown}
 E - a potion of magic
 H - a potion of resistance {unknown}
Comestibles
 c - 17 rations


   Skills:
 + Level 6.7 Fighting
 + Level 8.3 Axes
 + Level 1.7 Throwing
 * Level 6.9 Armour
 * Level 5.4 Dodging
 + Level 2.0 Shields
 * Level 7.9 Invocations


You had 10 spell levels left.
You didn't know any spells.
Your spell library contained the following spells:

 Spells                   Type           Power        Failure   Level  Hunger
 Confusing Touch          Hex            #.....       54%         1    ##.....
 Summon Small Mammal      Summ           #...         54%         1    ##.....
 Call Imp                 Summ           #.......     67%         2    ###....
 Call Canine Familiar     Summ           #.......     88%         3    ####...
 Confuse                  Hex            #.......     88%         3    ####...
 Gell's Gravitas          Tloc           #.........   88%         3    ####...
 Summon Guardian Golem    Hex/Summ       #.......     88%         3    ####...
 Petrify                  Tmut/Erth      #.......     99%         4    #####..
 Summon Ice Beast         Ice/Summ       #.......     99%         4    #####..
 Summon Lightning Spire   Summ/Air       #.......     99%         4    #####..
 Metabolic Englaciation   Hex/Ice        #.........   100%        5    ######.
 Yara's Violent Unravell  Hex/Tmut       #.........   100%        5    ######.


Dungeon Overview and Level Annotations

Branches:
Dungeon (11/15)            Temple (0/1) D:6
   Lair: D:8-11         Orc: D:9-12

Altars:
Ru
Wu Jian

Shops:
D:4 *   D:8 [

Annotations:
Abyss:1 Fannar, Sonja


Innate Abilities, Weirdness & Mutations

You have hooves in place of feet.
Armour fits poorly on your strangely shaped body.
You cover ground very quickly.
You have extremely tough skin. (AC +3)
Your magical capacity is low. (-10% MP)
You passively map a small area around you.


Message History

Unknown command.
You hit the two-headed ogre but do no damage.
The two-headed ogre is severely wounded.
You hit the yak but do no damage. You hit the yak. You burn the yak.
The yak gores you! The yak gores you but does no damage.
The two-headed ogre barely misses you.
The two-headed ogre hits you with a giant spiked club!
* * * LOW HITPOINT WARNING * * *
You hit the two-headed ogre. You burn the two-headed ogre.
The two-headed ogre is severely wounded.
You hit the yak. You burn the yak. You hit the yak. You burn the yak.
The yak gores you but does no damage. x2
Unknown command.
You hit the two-headed ogre. You burn the two-headed ogre.
The two-headed ogre is severely wounded.
You completely miss the yak. You hit the yak but do no damage.
The two-headed ogre hits you with a giant club!!
* * * LOW HITPOINT WARNING * * *
The two-headed ogre hits you with a giant spiked club!
You die... , , * ,#.....# ** , #.....# P, ,#.....# , ,.P , , ,#.....# , P.Y ,, ,#.....# , PP..,,

,#####.....# P....
#.........# ,
.P..P.###.........#
,YY...PP...O@.........# ,
..l.......YY.........#
.♣.PP.......#####....#
..P.........#...###..#
............#.....#..#
............#.....#..#
..........###.....#..####
, ####...#.......#.....#
, #...#.......#)....#


You could see a two-headed ogre and 2 yaks.

Vanquished Creatures
  Nergalle (D:10)
  2 hippogriffs
  The ghost of Ramireus the Insei, an amateur OpTm of Ashenzari (D:5)
  A spriggan (D:11)
  5 yaks
  2 wraiths
  A human (D:11)
  3 porcupines (D:11)
  3 orc warriors
  2 sky beasts
  A black bear (D:6)
  An eye of draining (D:10)
  8 ogres
  6 centaurs
  3 crocodiles
  6 bullfrogs
  A gnoll sergeant (D:9)
  5 scorpions
  6 killer bees
  3 howler monkeys
  4 crimson imps
  A bullfrog zombie (D:10)
  A quasit (D:5)
  3 centaur skeletons
  3 jellies
  6 hounds
  3 bullfrog skeletons
  3 orc priests
  7 orc wizards
  3 iguanas
  3 worker ants
  A hound skeleton (D:4)
  9 gnolls
  12 adders
  2 shadow imps (D:10)
  An ooze (D:4)
  2 adder skeletons
  2 worms (D:2)
  4 dart slugs
  12 leopard geckos
  27 orcs
  3 giant cockroaches
  10 goblins
  7 hobgoblins
  12 jackals
  27 kobolds
  2 quokkas
  6 ball pythons
  5 bats
  6 frilled lizards
  A jackal zombie (D:8)
  A leopard gecko skeleton (D:4)
  A leopard gecko zombie (D:5)
  2 quokka skeletons
  12 rats
265 creatures vanquished.

Vanquished Creatures (others)
  A two-headed ogre (D:8)
  A troll (D:9)
  An orc warrior (D:7)
  2 crimson imps
  2 plants (D:11)
7 creatures vanquished.

Grand Total: 272 creatures vanquished

Notes
Turn   | Place    | Note
-------+----------+-------------------------------------------
     0 | Abyss:1  | Gargoyl the Centaur Abyssal Knight began the quest for the
                  | Orb.
     0 | Abyss:1  | Reached XP level 1. HP: 19/19 MP: 2/2
    24 | Abyss:1  | Found a corrupted altar of Lugonu.
   129 | Abyss:1  | Found a shattered altar of Ashenzari.
   131 | Abyss:1  | Noticed a small abomination
   180 | Abyss:1  | Noticed a quasit
   235 | Abyss:1  | Noticed a small abomination
   236 | Abyss:1  | Noticed a large abomination
   298 | Abyss:1  | Noticed an ancient zyme
   347 | Abyss:2  | Noticed a tentacled starspawn
   350 | D:1      | Escaped the Abyss
   378 | D:1      | Reached * piety under Lugonu
   741 | D:1      | Reached XP level 2. HP: 26/26 MP: 3/3
  1127 | D:1      | Reached skill level 2 in Axes
  1204 | D:1      | Reached skill level 1 in Dodging
  1480 | D:2      | Reached XP level 3. HP: 31/31 MP: 4/4
  2393 | D:2      | Reached XP level 4. HP: 33/38 MP: 5/5
  2401 | D:2      | Reached ** piety under Lugonu
  2621 | D:3      | Noticed a black bear
  2855 | D:4      | Noticed a sky beast
  2882 | D:4      | Killed a sky beast
  2882 | D:4      | Reached XP level 5. HP: 26/45 MP: 7/7
  2948 | D:4      | Reached skill level 3 in Axes
  3116 | D:4      | Reached XP level 6. HP: 50/52 MP: 8/8
  3326 | D:4      | Found Duowet's Assorted Antiques.
  3430 | D:4      | Bought a glowing hand axe for 132 gold pieces
  3528 | D:4      | Got a crude lapis lazuli ring
  3538 | D:4      | Identified the ring of Meps {rC+ Dex+3 Slay-4 SInv Stlth+}
                  | (You found it on level 4 of the Dungeon)
  4299 | D:5      | Entered Level 5 of the Dungeon
  4380 | D:5      | Found an ornate altar of the Wu Jian Council.
  4632 | D:5      | Reached *** piety under Lugonu
  4751 | D:5      | Reached XP level 7. HP: 46/58 MP: 9/9
  5055 | D:5      | Reached skill level 4 in Axes
  5281 | D:5      | Found a runed gate.
  5283 | D:5      | Found a runed gate.
  5283 | D:5      | Noticed Ramireus's ghost (amateur OpTm)
  5284 | D:5      | Found a runed gate.
  5304 | D:5      | Killed Ramireus's ghost
  5764 | D:6      | Found a staircase to the Ecumenical Temple.
  5913 | D:6      | Reached XP level 8. HP: 58/66 MP: 11/11
  6203 | D:6      | Found a sacrificial altar of Ru.
  6546 | D:7      | Noticed a hippogriff
  6561 | D:7      | Killed a hippogriff
  6561 | D:7      | Reached skill level 5 in Fighting
  6669 | D:7      | Reached skill level 5 in Axes
  6702 | D:7      | Reached skill level 5 in Armour
  6891 | D:7      | Reached skill level 5 in Invocations
  7473 | D:7      | Reached XP level 9. HP: 72/74 MP: 11/13
  7685 | D:8      | Reached **** piety under Lugonu
  8000 | D:8      | Reached skill level 6 in Axes
  8027 | D:8      | Found a flagged portal.
  8036 | Bailey   | Entered a bailey
  8094 | Bailey   | Gained mutation: Your magical capacity is low. (-10% MP)
                  | [potion of mutation]
  8094 | Bailey   | Gained mutation: You passively map a small area around you.
                  | [potion of mutation]
  8462 | D:8      | Noticed a two-headed ogre
  8477 | D:8      | Banished a two-headed ogre
  8477 | D:8      | Reached skill level 1 in Shields
  8936 | D:8      | Found Reitu's Armour Boutique.
  8940 | D:8      | Bought a +0 pair of gloves for 72 gold pieces
  9619 | D:9      | Reached XP level 10. HP: 82/83 MP: 13/13
  9773 | D:9      | Reached skill level 7 in Axes
  9918 | D:9      | Reached skill level 1 in Throwing
 10661 | D:10     | Entered Level 10 of the Dungeon
 10661 | D:10     | Noticed Sonja
 10662 | D:10     | Banished Sonja
 10705 | D:10     | Noticed Nergalle
 10737 | D:10     | Killed Nergalle
 11111 | D:10     | Reached skill level 5 in Dodging
 11517 | D:10     | Noticed Fannar
 11526 | D:10     | Banished Fannar
 11526 | D:10     | Reached skill level 8 in Axes
 12117 | D:11     | Reached XP level 11. HP: 84/91 MP: 15/15
 12618 | D:11     | Noticed a two-headed ogre
 12633 | D:11     | HP: 4/91 [two-headed ogre/giant club (23)]
 12633 | D:11     | Mangled by a two-headed ogre

Skill      XL: |  1  2  3  4  5  6  7  8  9 10 11 |
---------------+----------------------------------+-----
Axes           | 2 3 4 5 6 8 |  8.3
Dodging        | 1 2 3 4 5 |  5.4
Armour         | 2 3 4 5 6 |  6.9
Invocations    | 3 4 5 6 7 |  7.9
Fighting       | 4 5 6 |  6.7
Shields        | 1 2 |  2.0
Throwing       | 1 |  1.7

Action                   |  1- 3 |  4- 6 |  7- 9 | 10-12 || total
-------------------------+-------+-------+-------+-------++-------
Melee: Hand axe          |   127 |   199 |   423 |   390 ||  1139
       Kick              |    17 |    41 |    92 |   103 ||   253
Throw: Tomahawk          |       |       |     3 |    17 ||    20
Invok: Depart the Abyss  |     1 |       |       |       ||     1
       Banish            |       |       |     4 |     4 ||     8
       Bend Space        |       |       |     4 |     1 ||     5
  Use: Scroll            |     5 |     7 |     9 |     5 ||    26
       Potion            |     2 |     1 |     1 |       ||     4
 Stab: Paralysed         |       |       |     1 |       ||     1
       Distracted        |       |       |     1 |       ||     1
  Eat: Ration            |     1 |       |     2 |     1 ||     4
       Chunk             |       |     6 |     8 |     8 ||    22
Armor: Leather armour    |    37 |       |       |       ||    37
       Ring mail         |    26 |    61 |   199 |   200 ||   486
       Plate armour      |       |   168 |    28 |       ||   196
Dodge: Dodged            |    72 |    72 |   180 |   139 ||   463
       Deflected         |       |       |    14 |     5 ||    19
Block: Buckler           |       |       |    55 |    67 ||   122
